[Event "Titled Tuesday Blitz September 28 2021"]
[White "Sjugirov, Sanan"]
[Black "Onyshchuk, Volodymyr"]
[WhiteFideId "4189302"]
[BlackFideId "14114038"]
[WhiteElo "2977"]
[BlackElo "2861"]
[Result "1-0"]
[Round "07"]
[TimeControl "180+1"]
[Date "2021.09.28"]
[WhiteClock "0:00:04"]
[BlackClock "0:00:03"]

1. e4 e5 2. Nf3 Nc6 3. Bb5 Nf6 4. O-O Nxe4 5. d4 Nd6 6. dxe5 Nxb5 7. a4 Nbd4 8. Nxd4 d5 9. c3 Be7 10. f4 O-O 11. Nxc6 bxc6 12. f5 Re8 13. Kh1 Bf8 14. Qd4 c5 15. Qf4 d4 16. Nd2 Qd5 17. Nf3 Bb7 18. Bd2 Qe4 19. Qg5 h6 20. Qh5 g6 21. fxg6 Qxg6 22. Qh3 Rad8 23. Nh4 Qe6 24. Qg3+ Kh8 25. Rae1 Bg7 26. Qf4 Rd7 27. Rf2 Rg8 28. Kg1 Bf8 29. Nf5 Rg6 30. Ng3 Rg4 31. Qf5 Qxf5 32. Rxf5 Bg7 33. e6 fxe6 34. Rxe6 dxc3 35. Bxc3 Bxc3 36. bxc3 Kh7 37. Rff6 Rd1+ 38. Kf2 Rd2+ 39. Ke3 Rxg2 40. Rxh6+ Kg8 41. Nf5 Rg1 42. Re8+ Kf7 43. Re7+ Kg8 44. Kd3 1-0


[Site "https://www.chess.com"]

[Event "Titled Tuesday Blitz September 28 2021"]
[White "Sokolovsky, Yahli"]
[Black "Mekhitarian, Krikor Sevag"]
[WhiteFideId "2820242"]
[BlackFideId "2107660"]
[WhiteElo "1770"]
[BlackElo "2598"]
[Result "1/2-1/2"]
[Round "07"]
[TimeControl "180+1"]
[Date "2021.09.28"]
[WhiteClock "0:00:05"]
[BlackClock "0:00:03"]

1. b3 b6 2. Bb2 Bb7 3. Nf3 e6 4. c4 Nf6 5. g3 Bxf3 6. exf3 c5 7. Bg2 Nc6 8. f4 Rc8 9. Nc3 Be7 10. O-O O-O 11. Ne2 d5 12. cxd5 Nxd5 13. d4 Bf6 14. Rb1 cxd4 15. Nxd4 Nxd4 16. Bxd4 Bxd4 17. Qxd4 Nc3 18. Qxd8 Rfxd8 19. Rb2 b5 20. Ra1 a5 21. b4 a4 22. Bf1 Kf8 23. Rc2 Rc7 24. Rac1 Rdc8 25. Kg2 Ke7 26. a3 g6 27. Kf3 Kd6 28. h4 h5 29. Bd3 f5 30. Bf1 Ke7 31. Ke3 Kf6 32. Bd3 Ke7 33. Kd2 Nd5 34. Bxb5 Rxc2+ 35. Rxc2 Rd8 36. Ke2 Kf6 37. Bxa4 Ra8 38. Bc6 Rxa3 39. Bxd5 exd5 40. Rc6+ Kf7 41. b5 Rb3 42. b6 d4 43. Kd2 Kg7 44. Rd6 d3 45. Ke3 Kf7 46. Kd4 d2 47. Kc5 Rb2 48. Kc6 Ke7 49. Rd3 Rc2+ 50. Kb7 Rb2 51. Ka7 Ra2+ 52. Kb8 Rb2 53. b7 Ke8 54. Kc7 Rc2+ 55. Kb6 Rb2+ 56. Ka7 Ra2+ 57. Kb8 Rb2 58. f3 Ke7 59. Kc7 Rc2+ 60. Kb6 Rb2+ 61. Ka7 Ra2+ 62. Kb8 Rb2 63. Rd4 Ke6 64. Rd3 Ke7 1/2-1/2


[Site "https://www.chess.com"]

[Event "Titled Tuesday Blitz September 28 2021"]
[White "Spitzl, Vinzent"]
[Black "Harshavardhan G B"]
[WhiteFideId "12901253"]
[BlackFideId "25059009"]
[WhiteElo "2160"]
[BlackElo "1825"]
[Result "1-0"]
[Round "07"]
[TimeControl "180+1"]
[Date "2021.09.28"]
[WhiteClock "0:00:04"]
[BlackClock "0:01:10"]

1. e4 c5 2. Nf3 d6 3. d4 cxd4 4. Nxd4 Nf6 5. Nc3 a6 6. Bg5 e6 7. Qe2 Be7 8. f4 O-O 9. O-O-O Qc7 10. g4 b5 11. a3 Bb7 12. Bg2 Nbd7 13. h4 Rfc8 14. Kb1 Nb6 15. Bxf6 Bxf6 16. g5 Bxd4 17. Rxd4 Nc4 18. Rd3 Qa5 19. Na2 Qb6 20. h5 a5 21. h6 b4 22. hxg7 Nxb2 23. Qh5 Kxg7 24. Qxh7+ Kf8 25. Qh8+ Ke7 26. Qf6+ Kd7 27. Qxf7+ Kc6 28. e5+ Kb5 29. Qxb7 Nxd3 30. Qxb6+ Kxb6 31. Bxa8 Nxf4 32. Be4 d5 33. Bd3 b3 34. Nc1 bxc2+ 35. Bxc2 Rc3 36. Rg1 Rxa3 37. g6 Nh5 38. g7 Nxg7 39. Rxg7 Re3 40. Nd3 a4 41. Rg6 a3 42. Rxe6+ Kb5 43. Re8 Kc4 44. Nc1 d4 45. e6 Kd5 46. Bb3+ Kd6 47. Kc2 Rc3+ 48. Kd2 Re3 49. Rd8+ Ke7 50. Rxd4 Rh3 51. Rd7+ Ke8 52. Ra7 a2 53. Rxa2 Rh2+ 54. Kc3 Rh3+ 55. Nd3 Ke7 56. Kd4 Kd6 57. Ra6+ Kc7 58. Kd5 Rxd3+ 59. Kc4 Re3 60. Ra7+ Kb6 61. Re7 Kc6 62. Kb4 Kd6 63. Rd7+ Kc6 64. Rd4 Re5 65. Kc3 Kc5 66. Rd3 Re4 67. Kd2 Re5 68. Re3 1-0


[Site "https://www.chess.com"]

[Event "Titled Tuesday Blitz September 28 2021"]
[White "Suvorov, Luca"]
[Black "Rottenwohrer Suarez, Juan"]
[WhiteFideId "12977071"]
[BlackFideId "32068182"]
[WhiteElo "2127"]
[BlackElo "2158"]
[Result "1-0"]
[Round "07"]
[TimeControl "180+1"]
[Date "2021.09.28"]
[WhiteClock "0:00:04"]
[BlackClock "0:00:02"]

1. Nf3 Nf6 2. c4 g6 3. g3 Bg7 4. Bg2 O-O 5. O-O b6 6. d4 Bb7 7. Nc3 Ne4 8. Qc2 Nxc3 9. bxc3 d6 10. e4 Nc6 11. Nd2 Na5 12. Re1 c5 13. d5 Qd7 14. a4 Ba6 15. Bf1 Bh6 16. Nb3 Bxc1 17. Nxa5 Bh6 18. Nb3 Bg7 19. f4 e6 20. Nd2 Rfe8 21. a5 b5 22. cxb5 Bxb5 23. Be2 exd5 24. Bxb5 Qxb5 25. exd5 Rxe1+ 26. Rxe1 Qxa5 27. Ne4 Qc7 28. Qa4 Qe7 29. Kf1 h5 30. Qc6 Rd8 31. c4 Qd7 32. Qa6 Bd4 33. Kg2 Rb8 34. Re2 Rd8 35. h3 Kg7 36. Qa2 Qc7 37. Qc2 a5 38. f5 Qe7 39. f6+ Bxf6 40. Ng5 Be5 41. Nf3 Qf6 42. g4 hxg4 43. hxg4 Re8 44. Qe4 Qf4 45. Qxf4 Bxf4 46. Rxe8 Bc1 47. Ra8 1-0


[Site "https://www.chess.com"]

[Event "Titled Tuesday Blitz September 28 2021"]
[White "Sychev, Klementy"]
[Black "Maltsevskaya, Aleksandra"]
[WhiteFideId "4114060"]
[BlackFideId "24174041"]
[WhiteElo "2615"]
[BlackElo "2239"]
[Result "1-0"]
[Round "07"]
[TimeControl "180+1"]
[Date "2021.09.28"]
[WhiteClock "0:00:05"]
[BlackClock "0:00:01"]

1. g3 d5 2. Bg2 c6 3. Nf3 Nf6 4. O-O Bg4 5. c4 Bxf3 6. Bxf3 e6 7. d4 Be7 8. b3 O-O 9. Nc3 dxc4 10. bxc4 Nbd7 11. Rb1 Qa5 12. Qd3 Rfd8 13. Rd1 Ne5 14. Qc2 Nxf3+ 15. exf3 Qa6 16. Ne2 c5 17. Be3 cxd4 18. Rxd4 Rac8 19. Rxd8+ Rxd8 20. Qb3 h6 21. Nd4 Bc5 22. Nc2 Rc8 23. Bxc5 Rxc5 24. Ne3 b6 25. Rd1 Qb7 26. Rd8+ Kh7 27. Qd3+ g6 28. Qd4 Qxf3 29. Ng4 Rf5 30. h3 h5 31. Ne5 Qe2 32. Nxf7 e5 33. Qe3 Qxe3 34. fxe3 Ne4 35. Rd7 Nc5 36. Rxa7 Rf6 37. Nxe5+ 1-0


[Site "https://www.chess.com"]

[Event "Titled Tuesday Blitz September 28 2021"]
[White "Taichman, Ori"]
[Black "Bendayan Claros, Aaron"]
[WhiteFideId "2804069"]
[BlackFideId "3803392"]
[WhiteElo "2227"]
[BlackElo "2133"]
[Result "1-0"]
[Round "07"]
[TimeControl "180+1"]
[Date "2021.09.28"]
[WhiteClock "0:00:10"]
[BlackClock "0:00:01"]

1. e4 c6 2. d4 d5 3. e5 Bf5 4. h4 h5 5. Bd3 Bxd3 6. Qxd3 e6 7. Bg5 Qa5+ 8. Nd2 Qa6 9. c4 Ne7 10. Ngf3 Nf5 11. O-O Nd7 12. b3 Ba3 13. Rfb1 Be7 14. Bxe7 Nxe7 15. a4 Nf5 16. b4 dxc4 17. Nxc4 b5 18. Nd6+ Nxd6 19. exd6 O-O 20. Ne5 Nf6 21. Rc1 Qb7 22. Rxc6 bxa4 23. Rxa4 Nd5 24. b5 Rfd8 25. Qf3 Nf6 26. d5 Qxb5 27. Rf4 Qxd5 28. Rxf6 gxf6 29. Qxf6 Rd7 30. Qg5+ Kf8 31. Qh6+ Kg8 32. Nxd7 Qd1+ 33. Kh2 1-0


[Site "https://www.chess.com"]

[Event "Titled Tuesday Blitz September 28 2021"]
[White "Tanenbaum, Zachary"]
[Black "Saravana, Krishnan P."]
[WhiteFideId "2060850"]
[BlackFideId "5018382"]
[WhiteElo "2165"]
[BlackElo "2245"]
[Result "0-1"]
[Round "07"]
[TimeControl "180+1"]
[Date "2021.09.28"]
[WhiteClock "0:00:04"]
[BlackClock "0:01:35"]

1. e4 e6 2. d4 d5 3. Nc3 Bb4 4. exd5 exd5 5. Bd3 Nc6 6. a3 Be7 7. Nf3 Bf6 8. O-O Nge7 9. Re1 O-O 10. Ne5 Nxd4 11. Ng4 Bxg4 12. Qxg4 Ng6 13. h4 Ne5 14. Qg3 Nxd3 15. Qxd3 c6 16. h5 h6 17. Bf4 Qd7 18. Be5 Bxe5 19. Rxe5 Ne6 20. Qg3 Rfe8 21. Rae1 Nd4 22. Rd1 Nf5 23. Qf4 Rxe5 24. Qxe5 Re8 25. Qf4 Nd6 26. g3 Qe6 27. Kg2 Nc4 28. b3 Ne5 29. Re1 Nd3 30. cxd3 Qxe1 31. Qc7 Qxc3 0-1


[Site "https://www.chess.com"]

[Event "Titled Tuesday Blitz September 28 2021"]
[White "Tologon tegin, Semetei"]
[Black "Samadov, Read"]
[WhiteFideId "13800574"]
[BlackFideId "13417444"]
[WhiteElo "2224"]
[BlackElo "2084"]
[Result "0-1"]
[Round "07"]
[TimeControl "180+1"]
[Date "2021.09.28"]
[WhiteClock "0:00:15"]
[BlackClock "0:00:24"]

1. d4 Nf6 2. c4 e6 3. Nc3 Bb4 4. e3 O-O 5. Ne2 d5 6. a3 Be7 7. Ng3 b6 8. cxd5 exd5 9. Bd3 c5 10. O-O Nc6 11. dxc5 bxc5 12. Nh5 g6 13. Nxf6+ Bxf6 14. Bb5 Ne7 15. Qf3 Bg7 16. Rd1 Bb7 17. Bd2 Qb6 18. Qe2 Qe6 19. Rac1 Rac8 20. Na4 c4 21. Nc3 Nf5 22. Qf1 d4 23. exd4 Nxd4 24. Be3 Rfd8 25. Ba4 Qg4 26. Bxd4 Bxd4 27. Nb5 Bxb2 28. Rxd8+ Rxd8 29. Rxc4 Qf5 30. Rc7 Bd5 31. Nc3 Be6 32. Ne2 Qa5 33. Rb7 Qxa4 34. Rxb2 Rd1 35. Rb8+ Kg7 36. Nc3 Rxf1+ 37. Kxf1 Qc4+ 0-1


[Site "https://www.chess.com"]

[Event "Titled Tuesday Blitz September 28 2021"]
[White "Topalov, Aleksandar"]
[Black "Vlachos, Anatole"]
[WhiteFideId "925659"]
[BlackFideId "26093189"]
[WhiteElo "2179"]
[BlackElo "2350"]
[Result "0-1"]
[Round "07"]
[TimeControl "180+1"]
[Date "2021.09.28"]
[WhiteClock "0:01:23"]
[BlackClock "0:01:24"]

1. b3 d5 2. Bb2 f5 3. Nf3 Nf6 4. g3 c6 5. Bg2 e6 6. O-O Be7 7. d4 O-O 8. Ne5 Nbd7 9. c4 Nxe5 10. dxe5 Ne4 11. cxd5 cxd5 12. Nd2 Bd7 13. Nxe4 fxe4 14. Bd4 b6 15. Rc1 Rc8 16. Qd2 Ba3 17. Bb2 Qe7 18. Rxc8 Rxc8 19. Rc1 Rxc1+ 20. Bxc1 Bb4 21. Qc2 Qc5 22. Qd1 Bc3 23. Be3 Qc7 24. Bd4 Bxd4 25. Qxd4 Bb5 26. Qd2 Qxe5 27. e3 Qa1+ 0-1


[Site "https://www.chess.com"]

[Event "Titled Tuesday Blitz September 28 2021"]
[White "Tristan, Leonardo"]
[Black "Skatchkov, Valery"]
[WhiteFideId "113816"]
[BlackFideId "24195812"]
[WhiteElo "2404"]
[BlackElo "2195"]
[Result "0-1"]
[Round "07"]
[TimeControl "180+1"]
[Date "2021.09.28"]
[WhiteClock "0:00:12"]
[BlackClock "0:01:21"]

1. d4 Nf6 2. Nf3 e6 3. Bf4 d5 4. e3 c5 5. Nbd2 Nc6 6. c3 Nh5 7. Bg5 f6 8. Bh4 g6 9. g4 Ng7 10. Bg3 Bd6 11. Bd3 O-O 12. dxc5 Bxc5 13. Qe2 e5 14. e4 Be6 15. exd5 Bxd5 16. Bc4 e4 17. Nxe4 f5 18. Nxc5 Re8 19. Ne5 b5 20. Bxd5+ Qxd5 21. O-O Nxe5 22. Bxe5 Rxe5 23. Qxb5 Qxc5 24. Qb7 Rae8 25. g5 Re4 26. h3 Ne6 27. Rfd1 Nxg5 28. Rd7 Nxh3+ 29. Kh1 Nxf2+ 30. Kg2 Rg4+ 31. Kf1 Qc4+ 32. Kxf2 Qe2# 0-1


[Site "https://www.chess.com"]

[Event "Titled Tuesday Blitz September 28 2021"]
[White "Urazayev, Arystanbek"]
[Black "Atabayev, Maksat"]
[WhiteFideId "13709810"]
[BlackFideId "14001101"]
[WhiteElo "2321"]
[BlackElo "2457"]
[Result "1-0"]
[Round "07"]
[TimeControl "180+1"]
[Date "2021.09.28"]
[WhiteClock "0:00:21"]
[BlackClock "0:00:01"]

1. e4 c5 2. Nf3 a6 3. c3 e6 4. d4 d5 5. e5 Bd7 6. Bd3 Bb5 7. Bxb5+ axb5 8. O-O Nc6 9. Re1 cxd4 10. cxd4 b4 11. Nbd2 Nge7 12. Nb3 Nf5 13. Bg5 Qb6 14. g4 Nfe7 15. Be3 h5 16. h3 Ng6 17. Kg2 Be7 18. g5 Kd7 19. Re2 Rhc8 20. Rc2 Na5 21. Nc5+ Bxc5 22. dxc5 Qa6 23. b3 Nc6 24. Rd2 Ke8 25. Nd4 Ncxe5 26. Qxh5 Rxc5 27. f4 Rc3 28. Qe2 Nd3 29. Rf1 Nc5 30. Nb5 Rc8 31. Nxc3 bxc3 32. Qxa6 bxa6 33. Rc2 Ne4 34. Bd4 Nh4+ 35. Kh2 Nf5 36. Bg1 d4 37. Rd1 Rd8 38. Rd3 Nc5 39. Rdxc3 dxc3 40. Rxc3 Rd2+ 41. Kh1 Ne4 42. Be3 Rd1+ 43. Kg2 Nxc3 44. Bb6 Ne4 45. Kf3 Ned6 46. g6 Rh1 47. gxf7+ Kxf7 48. Kg2 Rb1 49. Bf2 Kg6 50. Kf3 1-0


[Site "https://www.chess.com"]

[Event "Titled Tuesday Blitz September 28 2021"]
[White "Vakhlamov, Igor L."]
[Black "Suvorov, Alexander"]
[WhiteFideId "24126748"]
[BlackFideId "12977063"]
[WhiteElo "2416"]
[BlackElo "2221"]
[Result "1/2-1/2"]
[Round "07"]
[TimeControl "180+1"]
[Date "2021.09.28"]
[WhiteClock "0:00:07"]
[BlackClock "0:00:09"]

1. e4 g6 2. d4 Bg7 3. Nf3 d6 4. Bc4 e6 5. O-O Ne7 6. Bb3 O-O 7. Nbd2 b6 8. Re1 Bb7 9. Nf1 Nd7 10. Ng3 c5 11. c3 b5 12. h4 h6 13. Bf4 e5 14. Be3 exd4 15. cxd4 c4 16. Bc2 Nb6 17. h5 g5 18. Nh2 Nc6 19. Nf5 Bc8 20. Nxg7 Kxg7 21. f3 d5 22. Qd2 a5 23. e5 f6 24. f4 fxe5 25. fxe5 Be6 26. Rf1 Qd7 27. Bxg5 hxg5 28. Qxg5+ Kh8 29. Qh6+ Kg8 30. Qg6+ Kh8 31. Qh6+ Kg8 32. Nf3 Bf5 33. Bxf5 Qxf5 34. Ng5 Qd3 35. Qxc6 Qxd4+ 36. Kh2 Qxe5+ 37. Kg1 Qxg5 38. Qxb6 Qxh5 39. Qxb5 Qe5 40. Qb6 Rab8 41. Qg6+ Kh8 42. Qh6+ Kg8 43. Qg6+ Kh8 44. Qh6+ Kg8 45. Rae1 Qd4+ 46. Kh1 Qh8 47. Qxh8+ Kxh8 48. Rxf8+ Rxf8 49. Re5 Rd8 50. Kg1 Kg7 51. Kf2 Kf6 52. Rh5 Ke6 53. Ke3 Rb8 54. Rh6+ Ke5 55. Rh5+ Ke6 56. Rh6+ Ke5 57. Rh5+ Ke6 1/2-1/2


[Site "https://www.chess.com"]

[Event "Titled Tuesday Blitz September 28 2021"]
[White "Vlassov, Nikolai"]
[Black "Pavlidis, Anastasios"]
[WhiteFideId "4103360"]
[BlackFideId "4208404"]
[WhiteElo "2407"]
[BlackElo "2136"]
[Result "1-0"]
[Round "07"]
[TimeControl "180+1"]
[Date "2021.09.28"]
[WhiteClock "0:00:13"]
[BlackClock "0:00:28"]

1. e4 c5 2. c3 Nf6 3. e5 Nd5 4. d4 cxd4 5. cxd4 Nc6 6. Nc3 Nxc3 7. bxc3 d6 8. f4 dxe5 9. fxe5 Bf5 10. Nf3 e6 11. Bd3 Bxd3 12. Qxd3 Be7 13. O-O h6 14. Bd2 O-O 15. Rf2 Rc8 16. Raf1 Qd5 17. c4 Qd8 18. Qe4 Qb6 19. d5 exd5 20. cxd5 Bc5 21. dxc6 Bxf2+ 22. Rxf2 Qxc6 23. Qg4 Qe6 24. Qxe6 fxe6 25. Bb4 Rfd8 26. Bd6 Rc1+ 27. Rf1 Rxf1+ 28. Kxf1 Rc8 29. Nd4 Kf7 30. Ke2 Rc1 31. a3 Ra1 32. Kf3 b6 33. g4 Rc1 34. h4 a6 35. h5 Rc4 36. Ke4 b5 37. Bb4 Rc1 38. Nb3 Rc4+ 39. Kf3 Rc2 40. Nd2 Ra2 41. Nb3 Rc2 42. Na5 Rc7 43. Bd6 Rc3+ 44. Ke4 g6 45. Nb7 Rc8 46. Bb4 Rc4+ 47. Kf3 Rc1 48. Nd8+ Ke8 49. hxg6 Rf1+ 50. Kg2 Rf4 51. Kg3 Rf1 52. g7 Rg1+ 53. Kf3 Rf1+ 54. Ke4 Kd7 55. g8=Q h5 56. Nf7 Kc6 57. Qc8+ Kb6 58. Qc5+ Kb7 59. Nd6+ Ka8 60. Qc6+ Ka7 61. Qb7# 1-0


[Site "https://www.chess.com"]

[Event "Titled Tuesday Blitz September 28 2021"]
[White "Vogel, Roven"]
[Black "Fier, Alexandr"]
[WhiteFideId "12908088"]
[BlackFideId "2107139"]
[WhiteElo "2516"]
[BlackElo "2569"]
[Result "0-1"]
[Round "07"]
[TimeControl "180+1"]
[Date "2021.09.28"]
[WhiteClock "0:00:01"]
[BlackClock "0:00:47"]

1. Nf3 g6 2. e4 d6 3. d4 Bg7 4. Be2 Nf6 5. Nc3 O-O 6. O-O Nc6 7. d5 Nb8 8. a4 c6 9. a5 a6 10. h3 Qc7 11. Re1 e5 12. dxe6 Bxe6 13. Bf4 Ne8 14. Bf1 Nd7 15. Qd2 Ne5 16. Nd4 Nf6 17. Bh6 Rae8 18. b3 Bc8 19. Bxg7 Kxg7 20. f4 Ned7 21. Nf3 Nc5 22. e5 dxe5 23. fxe5 Nfd7 24. b4 Ne6 25. Ne4 Rd8 26. Qc3 c5 27. b5 axb5 28. Bxb5 Nb8 29. Bc4 Na6 30. Nd6 Bd7 31. Rf1 Bc6 32. Rad1 Bxf3 33. Qxf3 Qe7 34. Qf6+ Qxf6 35. exf6+ Kg8 36. Nxb7 Ra8 37. Bxe6 fxe6 38. Rd7 Nb8 39. Rg7+ Kh8 40. Nd6 Rxf6 41. Rxh7+ Kxh7 42. Rxf6 Rxa5 43. Rxe6 Ra2 44. Ne4 Na6 45. c3 Kh6 46. Kh2 Nc7 47. Rc6 Nd5 48. Rxc5 Ne3 49. Rg5 Ra4 50. Re5 Ra2 51. Nd2 Nd1 52. Nf3 Nxc3 53. h4 Ne2 54. Re4 Nc3 55. Rc4 Nd5 56. Re4 Nf6 57. Re6 Nh5 58. Re4 Kg7 59. Rd4 Kf6 60. Kh3 Ng7 61. g4 Ne6 62. Re4 Nc5 63. Rf4+ Kg7 64. Kg3 Ra3 65. Rc4 Nd3 66. Rc7+ Kf6 67. g5+ Kf5 0-1


[Site "https://www.chess.com"]

[Event "Titled Tuesday Blitz September 28 2021"]
[White "Wadsworth, Matthew J"]
[Black "Di Nicolantonio, Lucas"]
[WhiteFideId "415804"]
[BlackFideId "680460"]
[WhiteElo "2293"]
[BlackElo "2381"]
[Result "1-0"]
[Round "07"]
[TimeControl "180+1"]
[Date "2021.09.28"]
[WhiteClock "0:00:08"]
[BlackClock "0:00:23"]

1. c4 g6 2. g3 Bg7 3. Bg2 d6 4. Nc3 f5 5. d3 Nf6 6. Rb1 O-O 7. b4 Kh8 8. Nf3 e5 9. O-O Nc6 10. b5 Ne7 11. Nd2 g5 12. a4 f4 13. Nde4 Nxe4 14. Nxe4 Nf5 15. a5 Rb8 16. Ba3 Nd4 17. b6 axb6 18. axb6 c5 19. e3 f3 20. exd4 fxg2 21. Kxg2 exd4 22. Qh5 Bf5 23. Rbe1 Bg6 24. Qd1 Rf5 25. Bc1 Ra8 26. f4 Ra2+ 27. Rf2 Rxf2+ 28. Nxf2 Be8 29. Qg4 Bc6+ 30. Kg1 Qf8 31. Nh3 h6 32. fxg5 Bf3 33. Qh4 h5 34. Nf4 Kg8 35. Nxh5 Be5 36. Nf6+ Bxf6 37. gxf6 Rxf6 38. Bg5 Rg6 39. Re7 Rg7 40. Rxg7+ Qxg7 41. Qf4 Qf7 42. Qxd6 Bc6 43. Qd8+ Kh7 44. Qe7 Qxe7 45. Bxe7 Ba4 46. Bxc5 Bc2 47. Bxd4 Bxd3 48. c5 Be4 49. Kf2 Bc6 50. Ke3 Kg6 51. Kf4 Kh5 52. h3 Kg6 53. g4 Bd7 54. h4 Bc6 55. h5+ Kh7 56. g5 Be8 57. g6+ Kg8 58. Kg5 Bc6 59. h6 Be8 60. h7+ Kf8 1-0


[Site "https://www.chess.com"]

[Event "Titled Tuesday Blitz September 28 2021"]
[White "Wagner, Dennis"]
[Black "Janaszak, Dawid"]
[WhiteFideId "24650684"]
[BlackFideId "1119206"]
[WhiteElo "2355"]
[BlackElo "2283"]
[Result "1-0"]
[Round "07"]
[TimeControl "180+1"]
[Date "2021.09.28"]
[WhiteClock "0:00:02"]
[BlackClock "0:00:01"]

1. e4 c5 2. Nf3 Nc6 3. d4 cxd4 4. Nxd4 g6 5. c4 Nf6 6. Nc3 d6 7. Be2 Nxd4 8. Qxd4 Bg7 9. Be3 O-O 10. Qd2 a5 11. f3 a4 12. Kf2 Be6 13. g4 Nd7 14. h4 Ne5 15. Nd5 a3 16. b3 Bxd5 17. cxd5 Qd7 18. h5 f5 19. hxg6 fxe4 20. gxh7+ Kh8 21. Bf4 exf3 22. Bf1 Nxg4+ 23. Kg3 Bxa1 24. Bh3 Qf5 25. Bxg4 Qxf4+ 26. Qxf4 Rxf4 27. Kxf4 Rf8+ 28. Ke4 f2 29. Bf5 Bc3 30. Rf1 Be1 31. b4 b6 32. b5 Kg7 33. Rh1 Kh8 34. Rf1 Kg7 35. Rh1 Kh8 36. Kf4 Bc3 37. Kg5 Bd4 38. Kg6 Rf6+ 39. Kg5 Rf7 40. Rf1 Rg7+ 41. Bg6 Be3+ 42. Kf5 Bd4 43. Rc1 Bc5 44. Rf1 Be3 45. Rh1 Bd4 46. Rb1 Bc5 47. Rc1 e5 48. dxe6 Rc7 49. Rf1 Bd4 50. Bf7 Kg7 51. Bg6 d5 52. Rh1 1-0


[Site "https://www.chess.com"]

[Event "Titled Tuesday Blitz September 28 2021"]
[White "Warmerdam, Max"]
[Black "Herrera Reyes, Jose Antonio"]
[WhiteFideId "1048104"]
[BlackFideId "2274914"]
[WhiteElo "2537"]
[BlackElo "2361"]
[Result "1-0"]
[Round "07"]
[TimeControl "180+1"]
[Date "2021.09.28"]
[WhiteClock "0:01:01"]
[BlackClock "0:00:05"]

1. e4 c5 2. Nf3 e6 3. d4 cxd4 4. Nxd4 a6 5. Bd3 Qc7 6. Qe2 b6 7. b3 Bb7 8. Bb2 d6 9. c4 Nf6 10. Nc3 Nbd7 11. O-O Be7 12. Kh1 h5 13. f4 h4 14. f5 e5 15. Nc2 h3 16. g4 b5 17. g5 Nh5 18. Ne3 Nf4 19. Rxf4 exf4 20. Ned5 Qd8 21. cxb5 Ne5 22. bxa6 Bxd5 23. Nxd5 Bxg5 24. Bxe5 dxe5 25. Bc4 Qa5 26. a4 Qc5 27. b4 Qc8 28. Nb6 f3 29. Nxc8 fxe2 30. Nb6 Rd8 31. Bxe2 Rd2 32. Bb5+ Ke7 33. Nd5+ Kd6 34. Rc1 Rc8 35. Rg1 Rcc2 36. Rxg5 Rxh2+ 37. Kg1 Rhf2 38. Ne3 h2+ 39. Kh1 Rc3 40. Nf1 Rb3 41. a7 Rb1 42. a8=Q Rbxf1+ 43. Bxf1 Rxf5 1-0


[Site "https://www.chess.com"]

[Event "Titled Tuesday Blitz September 28 2021"]
[White "Yeletsky, Ivan"]
[Black "Lewtak, Damian"]
[WhiteFideId "24180327"]
[BlackFideId "1141724"]
[WhiteElo "2344"]
[BlackElo "2231"]
[Result "1-0"]
[Round "07"]
[TimeControl "180+1"]
[Date "2021.09.28"]
[WhiteClock "0:01:19"]
[BlackClock "0:01:18"]

1. e4 g6 2. h4 Nf6 3. Nc3 d6 4. d4 e5 5. dxe5 dxe5 6. Qxd8+ Kxd8 7. Bc4 Be6 8. Bxe6 fxe6 9. f3 Bd6 10. Nh3 a6 11. Nf2 Ke7 12. Be3 Nbd7 13. Nd3 Rhc8 14. a4 c5 15. a5 c4 16. Nf2 Nh5 17. Bg5+ Kf7 18. O-O-O Rc6 19. Na4 Nf4 20. Rd2 Nc5 21. Rxd6 Nxa4 22. Rd7+ Kg8 23. Ng4 Nh5 24. Nh6+ Kh8 25. g4 1-0


[Site "https://www.chess.com"]

[Event "Titled Tuesday Blitz September 28 2021"]
[White "Yuan, Qingyu"]
[Black "Damjanovic, Vladimir"]
[WhiteFideId "8609772"]
[BlackFideId "903795"]
[WhiteElo "2359"]
[BlackElo "2374"]
[Result "0-1"]
[Round "07"]
[TimeControl "180+1"]
[Date "2021.09.28"]
[WhiteClock "0:00:02"]
[BlackClock "0:00:04"]

1. Nf3 Nc6 2. d4 Nf6 3. c4 g6 4. d5 Nb8 5. Nc3 Bg7 6. e4 d6 7. Bd3 O-O 8. h3 a5 9. a3 Na6 10. O-O Nc5 11. Bc2 Nfd7 12. Bd2 a4 13. Rb1 Nb6 14. Qe2 e6 15. Bg5 Bf6 16. Bxf6 Qxf6 17. e5 dxe5 18. Nxe5 exd5 19. cxd5 Re8 20. Rbe1 Kg7 21. f4 Nbd7 22. Qb5 Qb6 23. Kh1 Ra5 24. Qb4 Ra8 25. Nb5 c6 26. Nd6 Rf8 27. Qc3 Qa5 28. Qd4 f6 29. Nec4 Qd8 30. dxc6 bxc6 31. f5 Nb7 32. fxg6 hxg6 33. Qg4 Ne5 34. Qd4 Nxd6 35. Nxd6 Ra5 36. Qd2 Rd5 37. Qc3 Qxd6 38. Re3 Rd4 39. Rg3 g5 40. Re1 c5 41. Qe3 Bb7 42. Qe2 Rd2 43. Qh5 Rxc2 44. Rxg5+ fxg5 45. Qxg5+ Qg6 46. Qxe5+ Kh7 47. Qe7+ Rf7 48. Qh4+ Kg7 49. Rg1 Bxg2+ 50. Kh2 Bb7+ 51. Qf2 Rcxf2+ 52. Rg2 Qxg2# 0-1


[Site "https://www.chess.com"]

[Event "Titled Tuesday Blitz September 28 2021"]
[White "Zhigalko, Sergei"]
[Black "Krivonosov, Oleg"]
[WhiteFideId "13502956"]
[BlackFideId "11600349"]
[WhiteElo "2886"]
[BlackElo "2727"]
[Result "1-0"]
[Round "07"]
[TimeControl "180+1"]
[Date "2021.09.28"]
[WhiteClock "0:00:06"]
[BlackClock "0:00:04"]

1. e4 e5 2. Nf3 Nc6 3. Bc4 Bc5 4. b4 Bb6 5. a4 a6 6. Nc3 Nf6 7. Nd5 Nxd5 8. exd5 Nd4 9. a5 Ba7 10. d6 cxd6 11. Nxd4 Bxd4 12. Qf3 d5 13. Bxd5 O-O 14. c3 Ba7 15. O-O Rb8 16. d4 d6 17. Re1 Qc7 18. Qg3 Bf5 19. dxe5 dxe5 20. Rxe5 Bg6 21. Bf4 Qd7 22. h4 Rbe8 23. Rd1 Rxe5 24. Bxe5 Qf5 25. Bxb7 Bxf2+ 26. Qxf2 Qxe5 27. Bxa6 Qxc3 28. Qd4 Qc2 29. Bb7 Qa4 30. a6 Bh5 31. Ra1 Qb5 32. a7 Qxb7 33. Qc5 Bg6 34. Qxf8+ Kxf8 35. a8=Q+ 1-0


[Site "https://www.chess.com"]

[Event "Titled Tuesday Blitz September 28 2021"]
[White "ketster"]
[Black "Gvanceladze, Anna"]
[BlackFideId "4113721"]
[WhiteElo "2562"]
[BlackElo "1927"]
[Result "1-0"]
[Round "07"]
[TimeControl "180+1"]
[Date "2021.09.28"]
[WhiteClock "0:00:38"]
[BlackClock "0:00:04"]

1. d4 d5 2. c4 c6 3. Nf3 Nf6 4. g3 Bf5 5. Nc3 e6 6. Nh4 Be4 7. f3 Bg6 8. Qb3 Qb6 9. c5 Qc7 10. Bf4 Qc8 11. e4 Nbd7 12. O-O-O Be7 13. Nxg6 hxg6 14. Bd3 b6 15. cxb6 axb6 16. Kb1 c5 17. Bb5 dxe4 18. d5 exd5 19. Nxd5 Nxd5 20. Rxd5 O-O 21. Rxd7 Bf6 22. fxe4 Qe8 23. Re1 Ra5 24. Bd6 Qe6 25. Bxf8 Qxb3 26. axb3 Rxb5 27. e5 Bg5 28. Be7 Bd2 29. Re2 Ba5 30. Kc2 Rb4 31. e6 fxe6 32. Bd6 Rd4 33. Rd8+ Kh7 34. Bc7 Rg4 35. Rxe6 c4 36. Ree8 cxb3+ 37. Kxb3 g5 38. Rd7 Rb4+ 39. Ka2 Rc4 40. Be5 Kg6 41. Rf8 Re4 42. Rxg7+ Kh5 43. h3 1-0


[Site "https://www.chess.com"]

[Event "Titled Tuesday Blitz September 28 2021"]
[White "Aitbayev, Aslan"]
[Black "Lashkin, Jegor"]
[WhiteFideId "13704613"]
[BlackFideId "13907808"]
[WhiteElo "2417"]
[BlackElo "2293"]
[Result "1-0"]
[Round "08"]
[TimeControl "180+1"]
[Date "2021.09.28"]
[WhiteClock "0:00:36"]
[BlackClock "0:00:09"]

1. e4 c5 2. Nf3 d6 3. d4 cxd4 4. Nxd4 Nf6 5. Nc3 a6 6. Be3 e5 7. Nf3 Be7 8. Bc4 O-O 9. O-O Nc6 10. Re1 Be6 11. Nd5 Bxd5 12. exd5 b5 13. Bf1 Nb4 14. c4 bxc4 15. Bxc4 Qc7 16. Rc1 Qb7 17. Bg5 a5 18. Bxf6 Bxf6 19. Qd2 a4 20. h4 h6 21. g4 g6 22. a3 Na6 23. Qxh6 Qxb2 24. h5 Bg7 25. Qg5 f5 26. h6 fxg4 27. Qxg6 Ra7 28. Rc2 Qxa3 29. Ng5 Rf4 30. Qh7+ Kf8 31. hxg7+ Rxg7 32. Ne6+ 1-0


[Site "https://www.chess.com"]